 Dungeon Crawl Stone Soup version 0.24.1-11-gbbbb2193e6 (webtiles) character file.

Game seed: 319000399180639049, levelgen mode: deterministic

2035 Hugehornet the Changer (level 9, -2/63 HPs)
             Began as an Octopode Transmuter on May 15, 2020.
             Slain by a killer bee (3 damage)
             ... on level 8 of the Dungeon.
             The game lasted 00:12:39 (6277 turns).

Hugehornet the Changer (Octopode Transmuter)        Turns: 6277, Time: 00:12:40

Health: -2/63      AC: 13    Str: 10    XL:     9   Next: 24%
Magic:  15/16      EV: 10    Int: 18    God:
Gold:   258        SH:  0    Dex: 12    Spells: 0/18 levels left

rFire    x . .     SeeInvis .     - Unarmed
rCold    + + +     Gourm    .   (shield currently unavailable)
rNeg     . . .     Faith    .   (helmet currently unavailable)
rPois    +         Spirit   .   h - amulet of rage
rElec    .         Reflect  .   r - ring of protection from cold
rCorr    .         Harm     .   l - +4 ring of protection
MR       .....                  u - +3 ring of protection
Stlth    +.........             (no ring)
HPRegen  0.20/turn              (no ring)
MPRegen  0.15/turn              (no ring)
                                (no ring)
                                (no ring)

@: lethally poisoned (-2 -> -3), about to teleport, ice-form
A: large, almost no armour, stealthy swim, amphibious, 8 rings, (constrict 8)
a: End Transformation, Evoke Berserk Rage


You were on level 8 of the Dungeon.
You were not hungry.
You were a creature of crystalline ice.
You visited 1 branch of the dungeon, and saw 6 of its levels.

You collected 258 gold pieces.

Inventory:

Missiles
 a - 31 arrows
Jewellery
 h - an amulet of rage (around neck)
 l - a +4 ring of protection (right front paw)
 o - an uncursed amulet of the gourmand
 r - a ring of protection from cold (left front paw)
 u - a +3 ring of protection (on tentacle)
Scrolls
 b - a scroll of magic mapping
 d - a scroll of fear {unknown}
 i - a scroll of fog {unknown}
 j - a scroll of enchant weapon {unknown}
 n - a scroll of noise
 s - a scroll of remove curse {unknown}
 t - a scroll of blinking {unknown}
Potions
 g - a potion of flight
 k - a potion of haste
 m - a potion of agility
 p - a potion of cancellation
 q - a potion of brilliance
 w - a potion of resistance
Comestibles
 c - 11 rations
 v - 9 chunks of flesh


   Skills:
 - Level 1.0 Fighting
 - Level 2.0 Dodging
 + Level 5.4 Unarmed Combat
 + Level 5.1 Spellcasting
 - Level 3.0 Hexes
 * Level 6.1 Transmutations
 - Level 6.0 Ice Magic
 - Level 3.1 Poison Magic


You couldn't memorise any spells.
You knew the following spells:

 Your Spells              Type           Power        Failure   Level  Hunger
a - Beastly Appendage     Tmut           ####..       1%          1    None
b - Sticks to Snakes      Tmut           ####....     1%          2    #......
c - Spider Form           Tmut/Pois      ###.......   6%          3    ##.....
d - Ice Form              Ice/Tmut       ####....     11%         4    ####...
e - Blade Hands           Tmut           ####......   30%         5    ######.
f - Confuse               Hex            ###.....     12%         3    ##.....

Your spell library contained the following spells:

 Spells                   Type           Power        Failure   Level  Hunger
 Confusing Touch          Hex            ###...       3%          1    None
 Gell's Gravitas          Tloc           #.........   36%         3    ##.....
 Petrify                  Tmut/Erth      ###.....     36%         4    ####...
 Metabolic Englaciation   Hex/Ice        ###.......   50%         5    ######.
 Yara's Violent Unravell  Hex/Tmut       ###.......   50%         5    ######.


Dungeon Overview and Level Annotations

Branches:
Dungeon (5/15)               Lair (0/6) D:8
 Temple: D:4-7

Altars:
Gozag
Ru


Innate Abilities, Weirdness & Mutations

You cannot wear most types of armour.
You are very stealthy in the water. (Stealth+)
You are amphibious.
You can wear up to eight rings at the same time.
((You can use your tentacles to constrict eight enemies at once.))
((Your skin changes colour to match your surroundings (Stealth+).))
((Your rubbery body absorbs attacks. (AC +1, EV +1)))


Message History

The killer bee is heavily wounded.
You feel sick. The killer bee barely misses you.
The killer bee stings you but does no damage.
The killer bee closely misses you. The killer bee stings you!
* * * LOW HITPOINT WARNING * * *
The killer bee closely misses you.
Okay, then.
As you read the scroll labeled GAFOCU TUN PAS, it crumbles to dust.
You hear a loud clanging noise!
It was a scroll of noise.
You hear a shout! x2
The killer bee closely misses you.
The killer bee stings you but does no damage.
The killer bee misses you. The killer bee closely misses you. x2
The killer bee barely misses you.
* * * LOW HITPOINT WARNING * * *
You feel sick.
The killer bee stings you but does no damage.
The killer bee stings you.
You die...

,,............y.##
,,.............).##
,,...#............###
,,,**#.......####)..#
,,,..........###...##
,,.......##..##...##
,>...[...##...#y###
,,...#..##.....yy#
,,..###....#.##yY#
***,,,,,,.########
,**,,,,,*,,****
****,,,,*,,,,,*
*,,,,*****,,,,*
,,,,,**,**,,,,*
,**,,,,,,,,,,**
*****,,,*,,*** *
********


You could see 4 killer bees.

Vanquished Creatures
  2 hippogriffs (D:8)
  A yak (D:8)
  A steam dragon (D:8)
  5 ogres
  A crocodile (D:8)
  4 scorpions (D:4)
  A killer bee (D:8)
  2 howler monkeys (D:8)
  2 crimson imps
  A bullfrog skeleton (D:8)
  A hound (D:5)
  3 orc wizards
  A centaur skeleton (D:4)
  A jelly (D:8)
  A hound skeleton (D:4)
  A worker ant zombie (D:4)
  9 adders
  8 gnolls
  An ooze (D:3)
  An adder zombie (D:8)
  3 worms
  3 dart slugs
  2 leopard geckos
  11 orcs
  4 ball pythons
  6 bats
  A giant cockroach (D:2)
  7 goblins
  4 hobgoblins
  7 jackals
  5 quokkas
  5 frilled lizards
  6 kobolds
  A quokka zombie (D:8)
  6 rats
118 creatures vanquished.

Vanquished Creatures (collateral kills)
  An ice beast (D:4)
1 creature vanquished.

Grand Total: 119 creatures vanquished

Notes
Turn   | Place    | Note
-------+----------+-------------------------------------------
     0 | D:1      | Hugehornet the Octopode Transmuter began the quest for the
                  | Orb.
     0 | D:1      | Reached XP level 1. HP: 13/13 MP: 3/3
   154 | D:1      | Reached XP level 2. HP: 15/18 MP: 3/5
   242 | D:1      | Learned a level 2 spell: Sticks to Snakes
  1172 | D:1      | Reached XP level 3. HP: 22/23 MP: 4/6
  1177 | D:1      | Learned a level 3 spell: Spider Form
  1492 | D:2      | Reached skill level 1 in Poison Magic
  1996 | D:2      | Reached XP level 4. HP: 25/28 MP: 8/8
  2254 | D:3      | Found a sacrificial altar of Ru.
  2265 | D:3      | Found a faded altar of an unknown god.
  2961 | D:3      | Reached XP level 5. HP: 33/33 MP: 9/9
  3574 | D:4      | Learned a level 4 spell: Ice Form
  3671 | D:4      | Noticed an ogre
  3675 | D:4      | Reached XP level 6. HP: 30/38 MP: 6/10
  3684 | D:4      | Reached skill level 1 in Ice Magic
  4201 | D:4      | Reached XP level 7. HP: 43/43 MP: 6/12
  4247 | D:4      | Found an opulent altar of Gozag.
  4964 | D:4      | Learned a level 3 spell: Confuse
  5033 | D:4      | Reached skill level 5 in Transmutations
  5489 | D:5      | Entered Level 5 of the Dungeon
  5576 | D:5      | Reached skill level 1 in Hexes
  5595 | D:5      | Reached XP level 8. HP: 48/48 MP: 12/14
  5647 | D:5      | You fall into a shaft and drop 3 floors!
  5693 | D:8      | Noticed a hippogriff
  5703 | D:8      | Killed a hippogriff
  5721 | D:8      | HP: 2/48 [jackal (1)]
  5777 | D:8      | Reached skill level 5 in Unarmed Combat
  5787 | D:8      | HP: 2/48 [adder zombie (4)]
  6093 | D:8      | Reached skill level 5 in Ice Magic
  6114 | D:8      | Noticed a yak
  6125 | D:8      | Killed a yak
  6125 | D:8      | Reached XP level 9. HP: 53/53 MP: 10/16
  6180 | D:8      | Reached skill level 5 in Spellcasting
  6239 | D:8      | Learned a level 5 spell: Blade Hands
  6275 | D:8      | HP: 2/63 [killer bee (8)]
  6277 | D:8      | Slain by a killer bee

Levels and vault maps discovered:
D:1:      eino_arrival_water_cross, layout_loops_ring
D:2:      layout_basic, first_ration
D:3:      layout_loops_ring, chequers_ecumenical_altar_twisty,
          nicolae_ru_awakened_eye
D:4:      cheibrodos_barr_body, layout_basic, serial_bayou, serial_bayou_lake_a,
          serial_bayou_pond_a, serial_bayou_pond_d, serial_bayou_pond_b,
          grunt_gozag_breadcrumbs
D:5:      layout_basic, temple_doors_e
D:8:      layout_cave_pools, marbit_many_paths, nicolae_qazlal_eye_of_the_storm,
          david_lair_generic, uniq_maurice

Skill      XL: |  1  2  3  4  5  6  7  8  9 |
---------------+----------------------------+-----
Transmutations | 3 4 5 6 |  6.1
Poison Magic   | 1 2 3 |  3.1
Spellcasting   | 3 4 5 |  5.1
Ice Magic      | 2 3 5 6 |  6.0
Unarmed Combat | 4 5 |  5.4
Hexes          | 1 3 |  3.0
Fighting       | |  1.0
Dodging        | |  2.0

Action                   |  1- 3 |  4- 6 |  7- 9 || total
-------------------------+-------+-------+-------++-------
Melee: Unarmed           |    70 |    86 |   199 ||   355
       Constrict         |    21 |    18 |    26 ||    65
       Kick              |    10 |    13 |    28 ||    51
       Tentacles         |     9 |    10 |    19 ||    38
       Punch             |     1 |     2 |     2 ||     5
 Cast: Beastly Appendage |    22 |    17 |    20 ||    59
       Spider Form       |     1 |     3 |     5 ||     9
       Sticks to Snakes  |       |       |     5 ||     5
       Ice Form          |       |       |     2 ||     2
 Abil: End Transformatio |       |       |     1 ||     1
       Evoke Berserk Rag |       |       |     1 ||     1
  Use: Scroll            |       |     6 |     6 ||    12
       Potion            |       |       |     3 ||     3
 Stab: Sleeping          |     5 |     3 |     1 ||     9
       Distracted        |       |       |     1 ||     1
  Eat: Chunk             |     4 |     3 |     9 ||    16
       Ration            |       |     1 |       ||     1
Armor: Skin              |     3 |     4 |    80 ||    87
Dodge: Dodged            |    64 |    49 |   144 ||   257
